 Dungeon Crawl Stone Soup version 0.27.1-2-g3b301248ec (webtiles) character file.

Game seed: 12989492703587932369

91 Urokeeper the Chopper (level 4, -1/40 HPs)
             Began as a Hill Orc Monk on Sept 24, 2021.
             Slain by Grinder (7 damage)
             ... on level 3 of the Dungeon.
             The game lasted 00:05:08 (3272 turns).

Urokeeper the Chopper (Hill Orc Monk)               Turns: 3272, Time: 00:05:09

Health: -1/40      AC:  9    Str: 14    XL:     4   Next: 59%
Magic:  4/4        EV:  4    Int: 10    God:
Gold:   149        SH:  7    Dex: 13    Spells: 3/3 levels left

rFire    . . .     SeeInvis .   a - +0 hand axe
rCold    . . .     Faith    .   j - +0 kite shield
rNeg     . . .     Spirit   .   m - +0 chain mail
rPois    .         Reflect  .   (no helmet)
rElec    .         Harm     .   (no cloak)
rCorr    .         Rampage  .   (no gloves)
Will     .....                  f - +0 pair of boots
Stlth    ..........             (no amulet)
HPRegen  0.13/turn              (no ring)
MPRegen  0.09/turn              (no ring)

@: no status effects
A: no striking features
a: no special abilities


You were on level 3 of the Dungeon.
You visited 1 branch of the dungeon, and saw 3 of its levels.

You collected 149 gold pieces.

Inventory:

Hand Weapons
 a - a +0 hand axe (weapon)
Missiles
 l - 4 poisoned darts (quivered)
Armour
 b - a +0 robe
 f - a +0 pair of boots (worn)
 j - a +0 kite shield (worn)
 m - a +0 chain mail (worn)
Scrolls
 d - a scroll of noise {unknown}
 e - 4 scrolls of magic mapping {unknown}
 h - a scroll of amnesia {unknown}
 k - 4 scrolls of fear {unknown}
 p - a scroll of enchant weapon {unknown}
 q - a scroll of identify {unknown}
Potions
 c - a potion of curing {unknown}
 g - a potion of might {unknown}
 i - a potion of heal wounds {unknown}
 n - a potion of flight {unknown}
 o - a potion of mutation {unknown}


   Skills:
 + Level 4.2 Fighting
 + Level 5.2 Axes
 * Level 1.0 Armour
 + Level 2.9 Dodging
 - Level 1.8 Stealth
 * Level 1.0 Shields


You had 3 spell levels left.
You didn't know any spells.
Your spell library contained the following spells:

 Spells                   Type           Power      Damage    Failure   Level
 Sandblast                Erth           0%         2d4       100%        1
 Passwall                 Tmut/Erth      0%         N/A       100%        2
 Lee's Rapid Deconstruct  Erth           0%         3d5*      100%        5


Dungeon Overview and Level Annotations

Branches:
Dungeon (3/15)

Altars:

Annotations:
D:3 Grinder


Message History

Grinder is lightly wounded.
Grinder hits you but does no damage.
You hit Grinder but do no damage.
Grinder is lightly wounded.
Grinder gestures at you.
You suddenly lose the ability to move!
Grinder gestures at you.
You shrug off the repeated paralysis!
Grinder blinks!
Grinder hits you but does no damage. Grinder hits you! Grinder hits you.
You writhe in agony.
Grinder blinks!
You can move again.
Grinder gestures at you.
You shrug off the repeated paralysis!
You closely miss Grinder. Grinder hits you.
You writhe in agony.
You are too injured to fight recklessly!
You are too injured to fight recklessly!
You are too injured to fight recklessly!
You are too injured to fight recklessly!
Unknown command.
You are too injured to fight recklessly!
You are too injured to fight recklessly!
You are too injured to fight recklessly!
You are too injured to fight recklessly!
Unknown command.
You are too injured to fight recklessly!
You are too injured to fight recklessly!
You hit Grinder but do no damage. Grinder gestures at you.
Pain shoots through your body!
* * * LOW HITPOINT WARNING * * *
You hit Grinder.
Grinder is lightly wounded.
You block Grinder's attack. Grinder completely misses you.
You slash Grinder!
Grinder is moderately wounded.
Grinder hits you!
You die...

...........#.# #.#
.###########.# #.#
.# #.# #.# .# #.#
#.# .# #.# #.# .#
#.# #.# .# #.# #.#
############.####.#
...............5@.#
############.###.##
#.# #.# #.# #.# ###
#+# #####. ......
#######


You could see Grinder.

Vanquished Creatures
  Jessica (D:3)
  An adder (D:2)
  2 worms (D:2)
  A dart slug (D:2)
  5 ball pythons
  5 endoplasms
  A giant cockroach (D:2)
  5 hobgoblins
  4 quokkas
  4 bats
  4 frilled lizards
  4 goblins
  5 kobolds
  8 rats
50 creatures vanquished.

Notes
Turn   | Place    | Note
-------+----------+-------------------------------------------
     0 | D:1      | Urokeeper the Hill Orc Monk began the quest for the Orb.
     0 | D:1      | Reached XP level 1. HP: 19/19 MP: 1/1
   175 | D:1      | Reached XP level 2. HP: 14/27 MP: 2/2
   935 | D:2      | Reached XP level 3. HP: 33/33 MP: 3/3
  2192 | D:2      | Reached XP level 4. HP: 35/40 MP: 4/4
  2662 | D:3      | Noticed Jessica
  2674 | D:3      | Killed Jessica
  2675 | D:3      | Reached skill level 5 in Axes
  2837 | D:3      | Reached skill level 1 in Shields
  2967 | D:3      | Reached skill level 1 in Armour
  3257 | D:3      | Noticed Grinder
  3262 | D:3      | Paralysed by Grinder for 6 turns
  3272 | D:3      | Slain by Grinder

Illustrated notes

Levels and vault maps discovered:
D:1:      matt_arrival_grand_opening, layout_loops_cross
D:2:      layout_basic
D:3:      layout_basic, mainiacjoe_overflow_swirl, kennysheep_generic_room_7,
          uniq_jessica, uniq_grinder

Skill      XL: |  1  2  3  4 |
---------------+-------------+-----
Fighting       | 4 |  4.2
Axes           | 5 |  5.2
Shields        | 1 |  1.0
Armour         | 1 |  1.0
Dodging        | |  2.9
Stealth        | |  1.8

Action                   |  1- 3 |  4- 6 || total
-------------------------+-------+-------++-------
Melee: Hand axe          |   123 |    32 ||   155
 Stab: Sleeping          |     4 |     1 ||     5
Armor: Robe              |    28 |     1 ||    29
       Chain mail        |       |    10 ||    10
Dodge: Dodged            |    56 |     4 ||    60
Block: Kite shield       |    17 |     8 ||    25
